 Dungeon Crawl Stone Soup version 0.29-a0-648-g6b26cc9f40 (webtiles) character file.

Game seed: 4485118170076375520

84 Johnny the Cudgeller (level 4, -1/45 HPs)
             Began as a Troll Berserker on June 20, 2022.
             Was a Believer of Trog.
             Slain by an orc
             ... wielding a +2 mace of protection
              (7 damage)
             ... on level 3 of the Dungeon.
             The game lasted 00:01:18 (2132 turns).

Johnny the Cudgeller (Troll Berserker)              Turns: 2132, Time: 00:01:19

Health: -1/45      AC:  4    Str: 27    XL:     4   Next: 23%
Magic:  3/3        EV: 10    Int:  3    God:    Trog [**....]
Gold:   160        SH:  0    Dex:  9    Spells: 3/3 levels left

rFire   . . .      SeeInvis .   g - +0 flail
rCold   . . .      Faith    .   (no shield)
rNeg    . . .      Spirit   .   b - +0 animal skin
rPois   .          Reflect  .   (helmet restricted)
rElec   .          Harm     .   (no cloak)
rCorr   .          Rampage  .   (gloves unavailable)
Will    .....                   (boots unavailable)
Stlth   +.........              (no amulet)
HPRegen 0.95/turn               (no ring)
MPRegen 0.08/turn               (no ring)

@: confused, on berserk cooldown, attractive, slowed, very slow
A: large, unfitting armour, claws 3, regeneration 1, shaggy fur 1, tough skin 1
a: Renounce Religion, Berserk, Trog's Hand


You were on level 3 of the Dungeon.
You worshipped Trog.
Trog was pleased with you.
You visited 1 branch of the dungeon, and saw 3 of its levels.

You collected 160 gold pieces.

Inventory:

Hand Weapons
 a - a +0 mace
 g - a +0 flail (weapon)
Armour
 b - a +0 animal skin (worn)
Scrolls
 c - a scroll of poison {unknown}
 d - a scroll of immolation {unknown}
 i - a scroll of identify {unknown}
 j - a scroll of fear {unknown}
Potions
 f - a potion of curing {unknown}
 h - a potion of cancellation {unknown}
 k - a potion of resistance {unknown}


   Skills:
 + Level 3.1 Fighting
 * Level 4.1 Maces & Flails
 - Level 2.4 Dodging


You had 3 spell levels left.
You didn't know any spells.
Your spell library contained the following spells:

 Spells                   Type           Power      Damage    Failure   Level
 Poisonous Vapours        Pois/Air       0%         N/A       67%         2
 Swiftness                Air            0%         N/A       88%         3
 Borgnjor's Vile Clutch   Necr/Erth      0%         N/A       100%        5
 Simulacrum               Ice/Necr       0%         N/A       100%        6


Dungeon Overview and Level Annotations

Branches:
Dungeon (3/15)

Altars:


Innate Abilities, Weirdness & Mutations

You are too large for most types of armour.
You have claws for hands.
Your natural rate of healing is unusually fast.
You are covered in fur. (AC +1)
You have tough skin. (AC +1)


Message History

You are too confused!
You are too confused!
You are too confused!
You are too confused!
There is an open door here.
You feel a strong urge to attack something.
The orc hits you with a +0 mace. The orc barely misses you.
The orc completely misses you.
You bump into the rock wall.
You are no longer berserk.
You are exhausted.
You feel yourself slow down. Something hits you. The orc closely misses you. x2
The orc barely misses you.
You bump into the rock wall.
The orc hits you with a +0 club.
You hear some strange, mumbled words.
You are more confused.
The orc barely misses you. The orc hits you but does no damage. x2
You barely miss the orc. The orc hits you with a +0 club. Something hits you.
The orc closely misses you. x2
The orc hits you with a +2 mace of protection.
The orc hits you but does no damage. The orc barely misses you.
The orc hits you with a +2 mace of protection.
You barely miss the orc. The orc barely misses you.
Something hits you but does no damage. The orc barely misses you.
The orc hits you but does no damage. The orc barely misses you.
The orc hits you with a +0 mace. The orc closely misses you.
Something hits you.
* * * LOW HITPOINT WARNING * * *
The orc hits you with a +0 club.
* * * LOW HITPOINT WARNING * * *
Unknown command.
It was a potion of attraction.
You feel attractive to monsters. The orc barely misses you.
Something hits you but does no damage. The orc hits you with a +0 mace.
* * * LOW HITPOINT WARNING * * *
The orc hits you with a +0 flail.
* * * LOW HITPOINT WARNING * * *
The orc hits you with a +2 mace of protection!
You die...

#.....# ..... # ..... #
. ##.... ### .# # #.....
..# #'## # #.##.# #.#
#...## # #.##.###.#
#.....# # #.##.#.#.#
##og.....
#####.#......###@oo.....
...............oo{......
....#.#.#....###).......
###.#..[.....# ##.......
# ##########.# ####### #
...# # ...# # +...+ #
#...#


You could see 5 orcs and a goblin.

Vanquished Creatures
  2 adders
  A gnoll (D:1)
  A dart slug (D:1)
  An orc (D:3)
  4 ball pythons
  5 bats (D:1)
  4 endoplasms
  3 giant cockroaches
  5 goblins (D:1)
  4 hobgoblins
  4 jackals
  3 quokkas (D:2)
  6 frilled lizards
  2 kobolds
  3 rats
48 creatures vanquished.

Notes
Turn   | Place    | Note
-------+----------+-------------------------------------------
     0 | D:1      | Johnny the Troll Berserker began the quest for the Orb.
     0 | D:1      | Reached XP level 1. HP: 22/22 MP: 0/0
    67 | D:1      | Reached skill level 3 in Maces & Flails
    88 | D:1      | Reached XP level 2. HP: 27/29 MP: 1/1
   308 | D:1      | Reached XP level 3. HP: 22/36 MP: 2/2
   531 | D:2      | Got the Collected Works on Feathery Unholy Secrets
  1231 | D:2      | Reached ** piety under Trog
  1627 | D:3      | Reached skill level 4 in Maces & Flails
  1857 | D:3      | Reached XP level 4. HP: 45/45 MP: 3/3
  1880 | D:3      | Found a faded altar of an unknown god.
  2132 | D:3      | Slain by an orc

Illustrated notes

Levels and vault maps discovered:
D:1:      dpeg_arrival_subterranean_lakeside_camping, layout_rooms
D:2:      layout_loops_corners, minmay_misc_feat_ornament, minivault_23,
          nicolae_elevator_lobby_asterisk
D:3:      layout_loops_corners, grunt_temple_overflow_holy_war,
          hellmonk_ecumenical_altar_crossroads, dreamdust_wishing_well,
          grunt_ministairs_3, minmay_misc_feat_encased, kennysheep_minor_cross

Skill      XL: |  1  2  3 |
---------------+----------+-----
Maces & Flails | 3 4 |  4.1
Fighting       | 3 |  3.1
Dodging        | |  2.4

Action                   |  1- 3 |  4- 6 || total
-------------------------+-------+-------++-------
Melee: Mace              |    46 |       ||    46
       Flail             |    70 |    27 ||    97
Invok: Berserk           |     2 |     1 ||     3
  Use: Potion            |       |     1 ||     1
 Stab: Sleeping          |     1 |       ||     1
Armor: Animal skin       |    52 |    15 ||    67
Dodge: Dodged            |    65 |    28 ||    93

Table legend: (Time is in decaauts)
 A = Elapsed time spent in this place.
 B = Non-inter-level travel time spent in this place.
 C = Inter-level travel time spent in this place.
 D = Time resting spent in this place.
 E = Time spent auto-exploring this place.
 F = Levels seen in this place.
 G = Mean time per level.
                   A        B        C        D        E       F      G
               +--------+--------+--------+--------+--------+-----+--------+
         Total |   2178 |   2128 |     50 |     52 |   1741 |   3 |  726.0 |
       Dungeon |   2178 |   2128 |     50 |     52 |   1741 |   3 |  726.0 |
               +--------+--------+--------+--------+--------+-----+--------+

Top non-repeatable levels by time:
     D:2: 999 daAuts
     D:3: 622 daAuts
     D:1: 556 daAuts
